 Dungeon Crawl Stone Soup version 0.30-a0-165-g1891117ce2 (webtiles) character file.

Game seed: 2116550849506733631

557 ragingrage the Ruffian (level 7, -6/66 HPs)
             Began as a Troll Fighter on Sept 28, 2022.
             Mangled by an ogre
             ... wielding a +0 giant club
              (34 damage)
             ... on level 5 of the Dungeon.
             The game lasted 00:03:27 (2965 turns).

ragingrage the Ruffian (Troll Fighter)              Turns: 2965, Time: 00:03:27

Health: -6/66      AC:  4    Str: 27    XL:     7   Next: 9%
Magic:  6/6        EV:  8    Int:  4    God:
Gold:   266        SH:  7    Dex:  9    Spells: 6/6 levels left

rFire   . . .      SeeInvis .      - Unarmed
rCold   . . .      Faith    .    b - +0 kite shield
rNeg    + . .      Spirit   .    a - +0 robe
rPois   .          Reflect  .    (helmet restricted)
rElec   .          Harm     .    (no cloak)
rCorr   .          Rampage  .    (gloves unavailable)
Will    .....                    (boots unavailable)
Stlth   +.........               (no amulet)
HPRegen 1.01/turn                u - ring of positive energy
MPRegen 0.10/turn                (no ring)

@: no status effects
A: large, unfitting armour, claws 3, regeneration 1, shaggy fur 1, tough skin 1
a: no special abilities


You were on level 5 of the Dungeon.
You visited 1 branch of the dungeon, and saw 5 of its levels.

You collected 266 gold pieces.

Inventory:

Hand Weapons
 l - the +1 spear of Ushruho {freeze, rElec rF- Will+ Dex+7}
   (You found it on level 2 of the Dungeon)

   It freezes those it strikes, dealing additional cold damage.
   It can also slow down cold-blooded creatures.
   Dex:       It affects your dexterity (+7).
   rF:        It makes you vulnerable to fire.
   rElec:     It insulates you from electricity.
   Will:      It increases your willpower.
Missiles
 d - 6 large rocks (quivered)
 t - 5 poisoned darts
Armour
 a - a +0 robe (worn)
 b - a +0 kite shield (worn)
Jewellery
 u - a ring of positive energy (left claw)
Wands
 r - a wand of flame (17)
 w - a wand of iceblast (4)
Scrolls
 f - 2 scrolls of noise {unknown}
 h - 2 scrolls of identify {unknown}
 i - a scroll of fear {unknown}
 j - 2 scrolls of brand weapon {unknown}
 k - 4 scrolls of teleportation {unknown}
 m - 2 scrolls of blinking {unknown}
 p - a scroll of enchant weapon {unknown}
 q - a scroll of summoning {unknown}
 v - a scroll of poison {unknown}
 x - a scroll of vulnerability {unknown}
Potions
 c - 4 potions of might
 e - 3 potions of cancellation {unknown}
 g - 8 potions of curing {unknown}
 n - a potion of mutation {unknown}
 o - a potion of berserk rage {unknown}
 s - 2 potions of attraction {unknown}


   Skills:
 - Level 2.4 Fighting
 - Level 2.4 Dodging
 + Level 3.8 Shields
 * Level 7.2 Unarmed Combat


You had 6 spell levels left.
You didn't know any spells.
Your spell library contained the following spells:

 Spells                   Type           Power      Damage    Failure   Level
 Apportation              Tloc           0%         N/A       80%         1
 Freeze                   Ice            0%         1d3       80%         1
 Frozen Ramparts          Ice            0%         1d1       99%         3
 Gell's Gravitas          Tloc           0%         N/A       99%         3
 Hailstorm                Conj/Ice       0%         3d3       99%         3
 Lesser Beckoning         Tloc           0%         N/A       99%         3
 Teleport Other           Tloc           0%         N/A       99%         3
 Alistair's Intoxication  Tmut/Pois      0%         N/A       100%        5


Dungeon Overview and Level Annotations

Branches:
Dungeon (5/15)
 Temple: D:4-7

Altars:

Annotations:
D:4 Blork the orc, Pikel


Innate Abilities, Weirdness & Mutations

You are too large for most types of armour.
You have claws for hands.
Your natural rate of healing is unusually fast.
You are covered in fur. (AC +1)
You have tough skin. (AC +1)


Message History

No target in view!
No target in view!
No target in view!
You see here a hound corpse.
You now have 266 gold pieces (gained 14).
Found a rapier.
x - a scroll labelled QUCLOVOE SEKE No target in view!
No target in view!
You see here a +0 rapier.
An ogre comes into view. It is wielding a +0 giant club.
An ogre is nearby!
An ogre is nearby!
The ogre hits you with a +0 giant club!!
You are too injured to fight recklessly!
You are too injured to fight recklessly!
You are too injured to fight recklessly!
You are too injured to fight recklessly!
You are too injured to fight recklessly!
You are too injured to fight recklessly!
You are too injured to fight recklessly!
You are too injured to fight recklessly!
You are too injured to fight recklessly!
You are too injured to fight recklessly!
You are too injured to fight recklessly!
You are too injured to fight recklessly!
You are too injured to fight recklessly!
You claw the ogre!
The ogre is heavily wounded.
The ogre hits you with a +0 giant club!!
You claw the ogre!
The ogre is almost dead.
You completely miss the ogre.
The ogre is almost dead.
The ogre barely misses you.
You barely miss the ogre.
The ogre is almost dead.
The ogre hits you with a +0 giant club!!
Ouch! That really hurt!
You die...

###...........####...##
##..####...............###
#..## #......###..).....##
..## #....### ##........#
..# #...## ##.........#
.## ##### ##..........# ##
#..........## #
##..........#
#..@.......## #..O.......#
#..........## #.....!...##
##......#.# ########.#
#.## ..# ##.#


You could see an ogre.

Vanquished Creatures
  A sky beast (D:5)
  A phantom (D:5)
  A necrophage (D:5)
  A jelly (D:4)
  4 hounds
  2 iguanas
  Robin (D:2)
  3 gnolls (D:5)
  2 adders
  A worm (D:3)
  A dart slug (D:1)
  3 orcs
  5 endoplasms
  3 giant cockroaches
  17 goblins
  6 hobgoblins
  2 quokkas
  9 ball pythons
  8 bats
  2 frilled lizards (D:1)
  2 kobolds
  3 rats
78 creatures vanquished.

Notes
Turn   | Place    | Note
-------+----------+-------------------------------------------
     0 | D:1      | ragingrage the Troll Fighter began the quest for the Orb.
     0 | D:1      | Reached XP level 1. HP: 22/22 MP: 0/0
   236 | D:1      | Reached XP level 2. HP: 29/29 MP: 1/1
   393 | D:1      | Reached skill level 3 in Unarmed Combat
   899 | D:2      | Noticed Robin
  1093 | D:2      | Reached XP level 3. HP: 32/36 MP: 2/2
  1258 | D:2      | Reached skill level 4 in Unarmed Combat
  1264 | D:2      | Identified the +1 spear of Ushruho {freeze, rElec rF- Will+
                  | Dex+7}
  1702 | D:2      | Killed Robin
  1703 | D:2      | Reached XP level 4. HP: 40/44 MP: 3/3
  2107 | D:3      | Found a faded altar of an unknown god.
  2222 | D:4      | Identified the +0 leather armour of Nomatrut {+Inv Dex+3}
  2247 | D:4      | Noticed Blork the orc
  2288 | D:4      | Reached skill level 5 in Unarmed Combat
  2295 | D:4      | Reached XP level 5. HP: 41/50 MP: 4/4
  2491 | D:4      | Noticed Pikel
  2491 | D:4      | Noticed a lemure
  2491 | D:4      | Noticed a lemure
  2499 | D:5      | Entered Level 5 of the Dungeon
  2580 | D:5      | Reached skill level 6 in Unarmed Combat
  2590 | D:5      | Reached XP level 6. HP: 36/59 MP: 5/5
  2736 | D:5      | Noticed a sky beast
  2747 | D:5      | Killed a sky beast
  2869 | D:5      | Reached skill level 7 in Unarmed Combat
  2869 | D:5      | Reached XP level 7. HP: 62/66 MP: 6/6
  2965 | D:5      | Mangled by an ogre

Illustrated notes

Levels and vault maps discovered:
D:1:      lightli_arrival_noodles, layout_loops_ring,
          minmay_misc_feat_nine_boxes, kennysheep_another_room,
          hangedman_decor_lopped, wander_ebering_terrifying_dragon_lair
D:2:      layout_basic, chequers_serial_rivers_small_a,
          minmay_goblin_kobold_house, uniq_robin
D:3:      layout_basic, dreamdust_ecumenical_altar_statues,
          minmay_misc_feat_tower
D:4:      layout_basic, elyvilon_altar_3, kennysheep_mini, lemuel_crystal_altar,
          minmay_cut_off, uniq_blork_the_orc, uniq_pikel, uniq_eustachio
D:5:      layout_cave_pods, nicolae_sif_muna_little_library

Skill      XL: |  1  2  3  4  5  6 |
---------------+-------------------+-----
Unarmed Combat | 3 4 5 6 7 |  7.2
Shields        | 3 |  3.8
Fighting       | |  2.4
Dodging        | |  2.4

Action                   |  1- 3 |  4- 6 |  7- 9 || total
-------------------------+-------+-------+-------++-------
Melee: Unarmed           |    83 |   122 |     6 ||   211
Throw: Large rock        |       |     2 |       ||     2
Armor: Robe              |    24 |    26 |       ||    50
Dodge: Dodged            |    26 |    35 |     1 ||    62
Block: Kite shield       |    23 |    38 |     1 ||    62

Table legend: (Time is in decaauts)
 A = Elapsed time spent in this place.
 B = Non-inter-level travel time spent in this place.
 C = Inter-level travel time spent in this place.
 D = Time resting spent in this place.
 E = Time spent auto-exploring this place.
 F = Levels seen in this place.
 G = Mean time per level.
                   A        B        C        D        E       F      G
               +--------+--------+--------+--------+--------+-----+--------+
         Total |   2977 |   2822 |    155 |    169 |   1977 |   5 |  595.4 |
       Dungeon |   2977 |   2822 |    155 |    169 |   1977 |   5 |  595.4 |
               +--------+--------+--------+--------+--------+-----+--------+

Top non-repeatable levels by time:
     D:2: 952 daAuts
     D:1: 805 daAuts
     D:3: 468 daAuts
     D:5: 466 daAuts
     D:4: 285 daAuts
